Map: Orbital Shipyard

Players

Beastyqt

  • Race: Terran Terran
  • League: Diamond

BIGBOY (Patience) - Winner!

  • Race: Protoss Protoss
  • League: Master

Event: ASL Season 5 Prime League LOTV Beta

VOD

Have the link to the VOD?

Description

Time

  • Played on: Sept. 16, 2015, 9:16 p.m.
  • Length: 10:36

All games in this series

Show
View Real Time Build Order
Export as new Build Order

Beastyqt Terran 

Build Orders: Command Center First (CC), MMM Bio 

Get SALT Encoding   

  12  0:00  SCV  
  13  0:13  SCV  
  14  0:18  Supply Depot  
  14  0:25  SCV  
  15  0:39  SCV  
  16  0:51  SCV  
  17  1:02  Command Center  
  17  1:04  SCV  
  18  1:13  Barracks  
  18  1:17  SCV  
  19  1:27  Barracks  
  19  1:30  SCV  
  20  1:42  SCV  
  21  1:55  SCV  
  21  2:01  Marine  
  22  2:07  Orbital Command  
  23  2:15  Marine  
  24  2:19  Marine  
  25  2:24  Bunker  
  25  2:28  Barracks  
  25  2:32  Barracks  
  25  2:40  Marine  
  25  2:43  Bunker  
  25  2:45  Supply Depot  
  25  2:46  Marine  
  26  2:57  Orbital Command  
  26  2:58  Marine  
  27  3:13  Marine  
  27  3:16  Marine x2  
  27  3:17  Bunker  
  29  3:24  Marine  
  30  3:31  Marine  
  30  3:33  Marine  
  29  3:34  Marine  
  29  3:42  SCV, Marine  
  29  3:48  SCV  
  31  3:49  Marine  
  31  3:51  Marine  
  31  3:52  Marine  
  31  3:54  SCV  
  35  4:00  SCV, Marine  
  37  4:06  Orbital Command  
  37  4:07  SCV, Marine  
  34  4:20  Marine x2  
  34  4:22  Command Center  
  37  4:27  SCV  
  38  4:33  SCV  
  38  4:39  SCV  
  38  4:40  Supply Depot  
  38  4:43  Marine x3  
  42  4:55  Refinery x2  
  40  5:04  SCV  
  38  5:09  Marine x2  
  38  5:10  Orbital Command  
  37  5:20  SCV  
  37  5:26  Marine  
  38  5:32  SCV  
  37  5:36  SCV  
  37  5:37  Marine  
  37  5:38  Marine  
  37  5:42  Orbital Command  
  38  5:46  SCV  
  39  5:52  Marine  
  39  5:53  Barracks Tech Lab  
  39  5:55  Marine  
  39  5:56  SCV, Barracks Tech Lab  
  42  5:57  Barracks Reactor  
  42  6:00  SCV  
  43  6:08  SCV x2  
  45  6:12  SCV  
  45  6:17  Engineering Bay  
  46  6:20  SCV x2  
  46  6:24  SCV, Stimpack  
  46  6:25  Marine x2  
  51  6:34  Supply Depot  
  51  6:35  SCV x2  
  53  6:41  Marine x2  
  53  6:42  Marine  
  53  6:44  SCV  
  57  6:51  Missile Turret  
  57  6:53  Missile Turret  
  57  6:55  SCV, Marine x2  
  57  6:58  Factory  
  57  6:59  SCV x2, Marine  
  63  7:05  Supply Depot  
  64  7:08  SCV  
  64  7:11  SCV  
  64  7:14  Missile Turret  
  64  7:15  SCV  
  66  7:17  Terran Infantry Weapons Level 1, Refinery  
  66  7:18  Refinery  
  66  7:22  Barracks Reactor, Barracks Tech Lab  
  66  7:25  Marine  
  66  7:26  SCV, Marauder, Marine  
  66  7:29  SCV  
  71  7:31  SCV  
  72  7:43  Factory Reactor, Barracks  
  72  7:44  Marine x2  
  72  7:50  Missile Turret  
  74  7:51  Starport  
  74  7:55  Marine x2  
  76  7:59  Supply Depot  
  76  8:00  SCV x2  
  76  8:02  Marine x2  
  80  8:11  SCV  
  81  8:16  Marauder  
  81  8:17  Marauder  
  81  8:19  Supply Depot  
  85  8:20  Marine  
  85  8:24  Supply Depot  
  86  8:29  SCV, Marine x3  
  86  8:32  Combat Shields, Factory Reactor  
  90  8:34  Medivac  
  90  8:40  Medivac  
  94  8:46  Supply Depot, Barracks Tech Lab  
  94  8:47  Supply Depot  
  94  8:48  Marauder  
  96  8:49  Marine x2  
  96  8:52  Barracks Tech Lab  
  96  8:53  SCV  
  99  8:57  Barracks Reactor  
  99  9:04  Medivac  
  99  9:08  Supply Depot  
  99  9:09  Supply Depot  
  100  9:10  Medivac  
  98  9:17  Widow Mine x2  
  98  9:22  Marauder, Marine  
  98  9:23  Marauder  
  106  9:34  Medivac, Marauder  
  106  9:37  Ghost Academy  
  108  9:42  Bunker x2  
  108  9:44  Marauder  
  108  9:49  Widow Mine x2  
  108  9:50  Marauder, Marine x2  
  116  9:56  Marine x2  
  104  10:09  Marine x2  
  104  10:11  Marine x2  
  104  10:14  Marine x2  
Show
View Real Time Build Order
Export as new Build Order

BIGBOY Protoss - Winner!

Build Orders: Oracle Opening 

Get SALT Encoding   

  12  0:00  Probe (Chrono Boost)  
  13  0:13  Pylon  
  13  0:17  Probe (Chrono Boost)  
  14  0:27  Probe (Chrono Boost)  
  15  0:37  Gateway, Probe (Chrono Boost)  
  16  0:47  Probe (Chrono Boost)  
  16  0:49  Assimilator  
  17  0:57  Probe (Chrono Boost)  
  18  1:07  Probe (Chrono Boost)  
  18  1:10  Pylon  
  19  1:17  Probe (Chrono Boost)  
  20  1:24  Cybernetics Core  
  20  1:28  Probe (Chrono Boost)  
  21  1:38  Probe (Chrono Boost)  
  22  1:48  Probe (Chrono Boost)  
  23  1:57  Assimilator  
  23  2:00  Mothership Core (Chrono Boost)  
  25  2:04  Pylon  
  25  2:05  Pylon  
  25  2:06  Pylon  
  25  2:08  Pylon  
  25  2:10  Adept (Chrono Boost)  
  27  2:22  Probe  
  28  2:24  Pylon  
  28  2:28  Pylon  
  28  2:34  Probe, Pylon  
  28  2:39  Adept (Chrono Boost)  
  28  2:44  Warp Gate  
  30  2:48  Probe  
  31  3:00  Probe (Chrono Boost)  
  32  3:07  Pylon  
  32  3:10  Stargate  
  32  3:12  Probe (Chrono Boost)  
  33  3:22  Probe (Chrono Boost)  
  33  3:32  Probe (Chrono Boost)  
  32  3:43  Probe (Chrono Boost)  
  33  3:51  Nexus  
  33  3:53  Probe (Chrono Boost)  
  33  3:55  Oracle (Chrono Boost)  
  37  4:06  Twilight Council  
  37  4:07  Probe  
  38  4:19  Probe, Adept  
  41  4:32  Probe  
  41  4:33  Oracle (Chrono Boost)  
  45  4:44  Probe  
  46  4:47  Blink (Chrono Boost)  
  46  4:56  Probe  
  45  5:07  Probe  
  45  5:08  Probe  
  47  5:20  Probe  
  48  5:22  Oracle (Chrono Boost)  
  51  5:32  Probe  
  51  5:33  Gateway  
  51  5:34  Gateway  
  52  5:36  Gateway  
  52  5:39  Probe  
  52  5:41  Adept  
  52  5:44  Probe  
  53  5:54  Robotics Facility  
  54  5:57  Probe (Chrono Boost), Assimilator  
  54  6:03  Pylon  
  54  6:08  Assimilator  
  54  6:15  Nexus  
  54  6:17  Pylon  
  54  6:21  Mothership Core (Chrono Boost)  
  54  6:24  Gateway  
  56  6:27  Gateway  
  56  6:30  Gateway  
  57  6:33  Probe (Chrono Boost)  
  57  6:39  Probe (Chrono Boost)  
  58  6:42  Warp Prism (Chrono Boost)  
  60  6:47  Probe  
  60  6:51  Probe  
  62  7:01  Sentry  
  62  7:02  Sentry x2  
  62  7:04  Adept  
  62  7:08  Shield Upgrade, Pylon  
  70  7:11  Pylon  
  70  7:26  Probe x2, Observer (Chrono Boost)  
  73  7:36  Probe  
  73  7:38  Probe x2  
  76  7:46  Probe  
  76  7:50  Stalker x3  
  76  7:51  Stalker x4  
  91  8:00  Pylon x2  
  91  8:10  Probe  
  91  8:11  Probe x2  
  94  8:15  Forge  
  94  8:16  Forge  
  94  8:18  Stalker  
  94  8:19  Stalker x2  
  100  8:28  Pylon  
  100  8:30  Pylon  
  100  8:31  Pylon  
  100  8:43  Pylon  
  100  8:44  Pylon  
  100  8:46  Immortal (Chrono Boost), Pylon  
  104  8:49  Adept x3  
  104  8:50  Sentry, Stalker  
  104  8:51  Stalker x2  
  118  8:57  Assimilator  
  118  9:01  Assimilator  
  117  9:16  Pylon  
  109  9:18  Adept x4  
  109  9:19  Adept x2  
  109  9:20  Stalker  
  121  9:26  Immortal (Chrono Boost)  
  121  9:30  Probe  
  121  9:31  Probe  
  127  9:32  Probe  
  126  9:43  Adept  
  126  9:44  Adept x3  
  134  9:52  Adept x3  
  134  10:11  Adept x4  
  134  10:13  Adept x2  
  134  10:14  Adept  
Tags
 
Add a new tag
Caveats
  • Supply blocks, unpowered buildings, or Contaminate may cause inaccurate times.
  • Supply counts are checked every 10 seconds.